cohdb
Replays
Latest Replays
All Replays
Popular Replays
Top Player Replays
Match Explorer
How It Works
Community
CoH3 Stats
Reddit
Sign in to upload your games and track your stats! →
Sign in with Steam
Match 42967279
Unlisted
Match 42967279
Overview
Messages
Build Orders
End
Kradschützen Motorcycle Team
Selects Panzerjäger Kommand Battlegroup
Selects Mine Fields
Panzergrenadier Squad
Panzergrenadier Squad
Construct Light Support Kompanie
MG34 Team
Fire Support Elements
Flakvierling Half-track
Vehicle Survival Package
2.5-tonne Medical Truck
Panzerjäger Mechanized Group
Selects Defensive Positions
Veteran Squad Leaders
Construct Panzerarmee Kommand
Selects Tank Busters
Combat Half-tracks
Panzergrenadier Squad
Walking Stuka Rocket Launcher
2.5-tonne Medical Truck
Armored Reserves
kappa
jawdar.al.maghreb
CreamSlave
Blackhand
ßoo
Beebo
General Kittens
ShogunLeo
0
0
Comments
sign in to comment!
No comments posted yet!